Stars vs Sénateurs
Created - 26 février 2015 at 19:16
Goals
|
| Stars |
0 |
2 |
2 |
4 |
| Sénateurs |
0 |
0 |
3 |
3 |
|
Shots
|
| Stars |
6 |
12 |
5 |
23 |
| Sénateurs |
14 |
8 |
9 |
31 |
|
1st period
No Goal
Penalties :
Ryan Malone (Dal) for Hooking (Minor) at 2:22, Brendan Bell (Dal) for Holding Stick (Minor) at 14:26
2nd period
1. Stars , Ryan Malone 3 (Mark Streit, Brendan Bell) at 0:49
2. Stars , Daniel Sedin 24 (Alexei Morozov, Henrik Sedin) at 7:31
Penalties :
Shane Doan (Dal) for Hooking (Minor) at 12:19, Daniel Cleary (Dal) for Hooking (Minor) at 13:06, B.J. Crombeen (Ott) for Roughing (Minor) at 18:48
3rd period
3. Stars , Pavel Kubina 5 (John Tavares, Pascal Leclaire) at 1:47 (PP)
4. Stars , Evgeny Artyukhin 10 (Éric Belanger, Shane Doan) at 4:51
5. Sénateurs , Brenden Morrow 21 (Daymond Langkow) at 9:24 (PP)
6. Sénateurs , Sami Salo 4 (Gilbert Brule, Andy McDonald) at 11:14
7. Sénateurs , Kurtis Foster 7 (Todd Bertuzzi, Brenden Morrow) at 11:31
Penalties :
Dan Hamhuis (Ott) for Hooking (Minor) at 1:35, Henrik Sedin (Dal) for Tripping (Minor) at 5:14, Evgeny Artyukhin (Dal) for Roughing (Minor) at 9:23, Éric Belanger (Dal) for High sticking (Minor) at 17:06
Goalie Stats
Pascal Leclaire (Dal), 28 saves from 31 shots - (0,903), W, 25-19-4, 60:00 minutes
Ondrej Pavelec (Ott), 19 saves from 23 shots - (0,826), L, 22-21-7, 59:23 minutes
Players Stats for Stars
Player Name G A P +/- PIM S H SB GA TA FO MP PP MP PK MP
------------------------------------------------------------------------------------
Alexei Morozov 0 1 1 -1 0 0 0 0 2 0 1/2 17:22 1:10 0:00
Brendan Bell 0 1 1 1 2 1 2 2 0 0 0/0 19:13 0:00 5:00
Bryan Berard 0 0 0 1 0 0 1 2 0 0 0/0 14:33 0:32 0:51
Daniel Cleary 0 0 0 0 2 1 1 0 0 0 0/0 9:02 0:00 2:29
Daniel Sedin 1 0 1 -1 0 2 3 0 0 1 0/0 19:03 1:01 1:50
Éric Belanger 0 1 1 2 2 3 3 0 1 0 4/6 13:37 0:00 2:18
Evgeny Artyukhin 1 0 1 2 2 3 0 0 0 0 0/0 10:18 0:00 0:00
Filip Novak 0 0 0 1 0 0 0 0 0 0 0/0 16:58 0:00 4:52
Henrik Sedin 0 1 1 -1 2 2 1 0 2 0 12/25 17:30 1:01 0:17
Jan Hlavac 0 0 0 0 0 1 1 0 1 0 2/2 12:44 0:00 5:23
John Tavares 0 1 1 0 0 2 1 0 0 0 6/14 16:14 1:10 1:57
Mark Streit 0 1 1 1 0 2 0 0 2 0 0/0 16:54 1:39 0:00
Marty Reasoner 0 0 0 0 0 0 1 0 0 0 5/12 13:15 0:00 5:54
Matthew Spiller 0 0 0 -1 0 0 1 0 0 1 0/0 26:08 0:32 5:51
Patrick Sharp 0 0 0 0 0 0 1 1 1 0 0/0 14:17 1:10 0:00
Pavel Kubina 1 0 1 -1 0 3 2 1 0 3 0/0 26:14 1:39 4:52
Ryan Malone 1 0 1 2 2 3 0 0 1 0 0/1 10:24 0:00 0:00
Shane Doan 0 1 1 0 2 0 3 0 0 0 0/0 14:12 1:01 0:05
Players Stats for Sénateurs
Player Name G A P +/- PIM S H SB GA TA FO MP PP MP PK MP
------------------------------------------------------------------------------------
Andrew Ebbett 0 0 0 -3 0 3 1 1 2 0 3/5 13:11 0:12 0:00
Andy Hilbert 0 0 0 0 0 1 0 0 0 0 0/0 7:02 0:00 0:27
Andy McDonald 0 1 1 1 0 2 1 0 0 0 0/1 19:22 4:56 0:43
B.J. Crombeen 0 0 0 -3 2 1 4 0 0 0 0/2 13:09 0:11 0:00
Brenden Morrow 1 1 2 1 0 4 1 1 1 2 1/3 21:42 5:35 1:28
Carlo Colaiacovo 0 0 0 0 0 0 2 1 0 1 0/0 21:03 4:32 0:18
Dan Girardi 0 0 0 1 0 0 0 1 0 0 0/0 10:28 0:00 0:00
Dan Hamhuis 0 0 0 0 2 0 0 0 1 1 0/0 21:02 4:32 0:18
Darcy Hordichuk 0 0 0 -3 0 1 2 0 0 1 0/0 11:42 0:00 0:16
Daymond Langkow 0 1 1 1 0 2 0 0 1 1 20/33 21:53 5:43 1:28
Gilbert Brule 0 1 1 1 0 3 2 0 0 0 6/14 18:39 4:56 0:00
Jean-Pierre Dumont 0 0 0 1 0 2 0 0 0 0 1/1 18:39 4:56 0:00
Kurtis Foster 1 0 1 -2 0 3 2 0 0 1 0/0 28:29 6:11 1:53
Nikita Alexeev 0 0 0 0 0 2 0 1 0 0 0/1 6:29 0:04 0:00
Sami Salo 1 0 1 1 0 1 1 1 0 1 0/0 10:28 0:00 0:00
Todd Bertuzzi 0 1 1 1 0 5 1 0 0 0 1/1 20:15 5:36 0:00
Vernon Fiddler 0 0 0 0 0 0 1 0 0 1 0/1 5:45 0:00 0:00
Vitaly Vishnevsky 0 0 0 -2 0 1 4 2 0 1 0/0 28:29 6:11 1:53
3 Stars
1 - Brenden Morrow (Ott)
2 - Sami Salo (Ott)
3 - Daniel Sedin (Dal)
Power Play
Stars - 1 on 2 Attempt(s) - 50,00%
Sénateurs - 1 on 7 Attempt(s) - 14,29%
Penalty Kill
Stars - 6 on 7 Attempt(s) - 85,71%
- Score 0 goal in Penalty Kill
Sénateurs - 1 on 2 Attempt(s) - 50,00%
- Score 0 goal in Penalty Kill
Team Stat
Stars - Hits : 21 - Faceoff Wins : 30 - Blocked Shots : 6 - Penalty Minutes : 14
Sénateurs - Hits : 22 - Faceoff Wins : 32 - Blocked Shots : 8 - Penalty Minutes : 4
Official
Referees : O'Halloran Dan and Rooney Chris
Linesman : Pierre Racicot and Tony Sericolo
Game Notes
No Game Note
Finance
Level 1 -- Attendance: 5789 (96,48%) -- Ticket Income 492 065 $
Level 2 -- Attendance: 5000 (100,00%) -- Ticket Income 250 000 $
Level 3 -- Attendance: 1870 (93,50%) -- Ticket Income 56 100 $
Level 4 -- Attendance: 4000 (100,00%) -- Ticket Income 60 000 $
Luxury Box -- Attendance: 862 (86,20%) -- Ticket Income 146 540 $
Game was played at the Place Banque Scotia'
Total Attendance: 17521 (97,34%)
Total Ticket Income: 1 004 705 $
Other Income: 150 706 $
Total Income: 1 155 411 $
Stars
5 vs 5 Forward
Center Left Wing Right Wing Time % Phy DF OF
1 Henrik Sedin Daniel Sedin Alexei Morozov 40 1 2 2
2 John Tavares Patrick Sharp Shane Doan 30 1 2 2
3 Éric Belanger Ryan Malone Evgeny Artyukhin 20 1 2 2
4 Marty Reasoner Jan Hlavac Daniel Cleary 10 1 2 2
5 vs 5 Defense
Defense Defense Time % Phy DF OF
1 Pavel Kubina Matthew Spiller 40 1 2 2
2 Brendan Bell Mark Streit 30 1 2 2
3 Filip Novak Bryan Berard 20 1 2 2
4 Pavel Kubina Matthew Spiller 10 1 2 2
PowerPlay Forward
Center Left Wing Right Wing Time % Phy DF OF
1 John Tavares Patrick Sharp Alexei Morozov 50 1 2 2
2 Henrik Sedin Daniel Sedin Shane Doan 50 1 2 2
PowerPlay Defense
Defense Defense Time % Phy DF OF
1 Pavel Kubina Mark Streit 60 1 2 2
2 Matthew Spiller Bryan Berard 40 1 2 2
Penalty Kill 4 Players Forward
Center Wing Time % Phy DF OF
1 Marty Reasoner Jan Hlavac 60 1 2 2
2 Éric Belanger Daniel Cleary 40 1 2 2
Penalty Kill 4 Players Defense
Defense Defense Time % Phy DF OF
1 Brendan Bell Matthew Spiller 60 1 2 2
2 Pavel Kubina Filip Novak 40 1 2 2
Penalty Kill - 3 Players Forward
Forward Time % Phy DF OF
1 Marty Reasoner 60 1 2 2
2 Éric Belanger 40 1 2 2
Penalty Kill - 3 Players Defense
Defense Defense Time % Phy DF OF
1 Brendan Bell Matthew Spiller 60 1 2 2
2 Pavel Kubina Filip Novak 40 1 2 2
4 vs 4 Forward
Center Wing Time % Phy DF OF
1 Henrik Sedin Daniel Sedin 60 1 2 2
2 John Tavares Shane Doan 40 1 2 2
4 vs 4 Defense
Defense Defense Time % Phy DF OF
1 Pavel Kubina Mark Streit 60 1 2 2
2 Matthew Spiller Filip Novak 40 1 2 2
Last Minutes Offensive
Center Left Wing Right Wing Defense Defense
Henrik Sedin Daniel Sedin Shane Doan Pavel Kubina Mark Streit
Last Minutes Defensive
Center Left Wing Right Wing Defense Defense
Marty Reasoner Jan Hlavac Daniel Cleary Brendan Bell Matthew Spiller
Goaltenders
Starting : Pascal Leclaire
Backup : Patrick Lalime
Extra Forwards
Normal : Daniel Sedin, Patrick Sharp, Shane Doan - PP : John Tavares, Daniel Sedin - PK : Jan Hlavac
Extra Defensemen
Normal : Brendan Bell, Filip Novak, Mark Streit - PP : Pavel Kubina - PK : Matthew Spiller, Brendan Bell
Penalty Shots
Patrick Sharp, Daniel Sedin, John Tavares, Henrik Sedin, Alexei Morozov
Sénateurs
5 vs 5 Forward
Center Left Wing Right Wing Time % Phy DF OF
1 Daymond Langkow Brenden Morrow Todd Bertuzzi 36 1 2 2
2 Gilbert Brule Andy McDonald Jean-Pierre Dumont 34 1 2 2
3 Andrew Ebbett Darcy Hordichuk B.J. Crombeen 20 1 2 2
4 Vernon Fiddler Andy Hilbert Nikita Alexeev 10 1 2 2
5 vs 5 Defense
Defense Defense Time % Phy DF OF
1 Vitaly Vishnevsky Kurtis Foster 40 1 2 2
2 Dan Hamhuis Carlo Colaiacovo 30 1 2 2
3 Sami Salo Dan Girardi 20 1 2 2
4 Vitaly Vishnevsky Kurtis Foster 10 1 2 2
PowerPlay Forward
Center Left Wing Right Wing Time % Phy DF OF
1 Daymond Langkow Brenden Morrow Todd Bertuzzi 60 1 2 2
2 Gilbert Brule Andy McDonald Jean-Pierre Dumont 40 1 2 2
PowerPlay Defense
Defense Defense Time % Phy DF OF
1 Vitaly Vishnevsky Kurtis Foster 60 1 2 2
2 Dan Hamhuis Carlo Colaiacovo 40 1 2 2
Penalty Kill 4 Players Forward
Center Wing Time % Phy DF OF
1 Brenden Morrow Daymond Langkow 60 1 2 2
2 Andy McDonald Darcy Hordichuk 40 1 2 2
Penalty Kill 4 Players Defense
Defense Defense Time % Phy DF OF
1 Vitaly Vishnevsky Kurtis Foster 60 1 2 2
2 Dan Hamhuis Carlo Colaiacovo 40 1 2 2
Penalty Kill - 3 Players Forward
Forward Time % Phy DF OF
1 Brenden Morrow 60 1 2 2
2 Daymond Langkow 40 1 2 2
Penalty Kill - 3 Players Defense
Defense Defense Time % Phy DF OF
1 Vitaly Vishnevsky Kurtis Foster 60 1 2 2
2 Dan Hamhuis Carlo Colaiacovo 40 1 2 2
4 vs 4 Forward
Center Wing Time % Phy DF OF
1 Brenden Morrow Daymond Langkow 60 1 2 2
2 Andy McDonald Darcy Hordichuk 40 1 2 2
4 vs 4 Defense
Defense Defense Time % Phy DF OF
1 Vitaly Vishnevsky Kurtis Foster 60 1 2 2
2 Dan Hamhuis Carlo Colaiacovo 40 1 2 2
Last Minutes Offensive
Center Left Wing Right Wing Defense Defense
Daymond Langkow Brenden Morrow Todd Bertuzzi Vitaly Vishnevsky Kurtis Foster
Last Minutes Defensive
Center Left Wing Right Wing Defense Defense
Daymond Langkow Brenden Morrow Todd Bertuzzi Vitaly Vishnevsky Kurtis Foster
Goaltenders
Starting : Ondrej Pavelec
Backup : Jeff Deslauriers
Extra Forwards
Normal : Andrew Ebbett, B.J. Crombeen, Andy Hilbert - PP : Andrew Ebbett, B.J. Crombeen - PK : Andy Hilbert
Extra Defensemen
Normal : Sami Salo, Dan Girardi, Dan Hamhuis - PP : Sami Salo - PK : Dan Girardi, Dan Hamhuis
Penalty Shots
Brenden Morrow, Daymond Langkow, Andy McDonald, Darcy Hordichuk, Gilbert Brule
% Time on Ice - Stars
Lines # - Real PCT - Wanted PCT - Time Play
Normal Forward
1 - 36% - 40% - 17:07
2 - 28% - 30% - 13:14
3 - 22% - 20% - 10:19
4 - 14% - 10% - 6:26
Normal Defense
1 - 38% - 40% - 18:03
2 - 36% - 30% - 17:01
3 - 24% - 20% - 11:05
4 - 2% - 10% - 0:57
PP Forward
1 - 53% - 50% - 1:10
2 - 47% - 50% - 1:01
PP Defense
1 - 76% - 60% - 1:39
2 - 24% - 40% - 0:32
PK Forward
1 - 72% - 60% - 6:51
2 - 28% - 40% - 2:40
PK Defense
1 - 54% - 60% - 5:07
2 - 46% - 40% - 4:24
PK3 Forward
1 - 78% - 60% - 0:56
2 - 22% - 40% - 0:16
PK3 Defense
1 - 61% - 60% - 0:44
2 - 39% - 40% - 0:28
44 Forward
1 - 0% - 60%
2 - 0% - 40%
44 Defense
1 - 0% - 60%
2 - 0% - 40%
Last Minute Offensive - 0:00
Last Minute Defensive - 0:00
Total
Forward - 60:00
Defense - 60:00
|
% Time on Ice - Sénateurs
Lines # - Real PCT - Wanted PCT - Time Play
Normal Forward
1 - 33% - 36% - 15:22
2 - 30% - 34% - 13:43
3 - 25% - 20% - 11:26
4 - 12% - 10% - 5:45
Normal Defense
1 - 40% - 40% - 18:26
2 - 35% - 30% - 16:10
3 - 23% - 20% - 10:28
4 - 3% - 10% - 1:12
PP Forward
1 - 54% - 60% - 5:47
2 - 46% - 40% - 4:56
PP Defense
1 - 58% - 60% - 6:11
2 - 42% - 40% - 4:32
PK Forward
1 - 88% - 60% - 1:55
2 - 12% - 40% - 0:16
PK Defense
1 - 86% - 60% - 1:53
2 - 14% - 40% - 0:18
PK3 Forward
1 - 0% - 60%
2 - 0% - 40%
PK3 Defense
1 - 0% - 60%
2 - 0% - 40%
44 Forward
1 - 0% - 60%
2 - 0% - 40%
44 Defense
1 - 0% - 60%
2 - 0% - 40%
Last Minute Offensive - 0:50
Last Minute Defensive - 0:00
Total
Forward - 60:00
Defense - 60:00
|
Play by Play
1st period
0:01 of 1st period - Henrik Sedin wins face-off versus Brenden Morrow in neutral zone.
0:17 of 1st period - Off-side.
0:18 of 1st period - John Tavares wins face-off versus Gilbert Brule in neutral zone.
0:33 of 1st period - Snap shot by John Tavares.
0:33 of 1st period - Shot Misses the Net.
0:45 of 1st period - Ryan Malone is hit by Darcy Hordichuk and loses puck.
0:50 of 1st period - Snap shot by Darcy Hordichuk.
0:50 of 1st period - Stopped by Pascal Leclaire without a rebound.
0:51 of 1st period - Marty Reasoner wins face-off versus Vernon Fiddler in Stars zone.
0:51 of 1st period - Marty Reasoner is hit by Sami Salo.
1:17 of 1st period - Snap shot by Todd Bertuzzi.
1:17 of 1st period - Shot Misses the Net.
2:00 of 1st period - Snap shot by Ryan Malone.
2:00 of 1st period - Stopped by Ondrej Pavelec without a rebound.
2:01 of 1st period - Andrew Ebbett wins face-off versus Ryan Malone in Sénateurs zone.
2:14 of 1st period - Snap shot by B.J. Crombeen.
2:14 of 1st period - Stopped by Pascal Leclaire with a rebound.
2:16 of 1st period - Snap shot by Andrew Ebbett.
2:16 of 1st period - Stopped by Pascal Leclaire with a rebound.
2:22 of 1st period - Minor Penalty to Ryan Malone for Hooking.
2:23 of 1st period - Daymond Langkow wins face-off versus Marty Reasoner in Stars zone.
4:22 of 1st period - Penalty to Ryan Malone is over, Ryan Malone is back on ice.
4:37 of 1st period - Henrik Sedin is hit by Kurtis Foster and loses puck.
4:58 of 1st period - Snap shot by B.J. Crombeen.
4:58 of 1st period - Shot Misses the Net.
5:00 of 1st period - Snap shot by Dan Girardi.
5:00 of 1st period - Shot Blocked by Patrick Sharp.
5:34 of 1st period - Dan Girardi is hit by Brendan Bell and loses puck.
5:51 of 1st period - Carlo Colaiacovo is hit by Shane Doan and loses puck.
6:29 of 1st period - Daniel Sedin is hit by Kurtis Foster and loses puck.
6:48 of 1st period - Wrist shot by Brenden Morrow.
6:48 of 1st period - Deflect By Daymond Langkow.
6:48 of 1st period - Shot Misses the Net.
6:48 of 1st period - Puck is out of play.
6:49 of 1st period - Daymond Langkow wins face-off versus Marty Reasoner in Stars zone.
6:58 of 1st period - Snap shot by Todd Bertuzzi.
6:58 of 1st period - Shot Misses the Net.
7:06 of 1st period - Wrist shot by Jan Hlavac.
7:06 of 1st period - Shot Blocked by Carlo Colaiacovo.
7:08 of 1st period - Snap shot by Pavel Kubina.
7:08 of 1st period - Deflect By Marty Reasoner.
7:08 of 1st period - Shot Misses the Net.
7:08 of 1st period - Puck is out of play.
7:09 of 1st period - Henrik Sedin wins face-off versus Gilbert Brule in Sénateurs zone.
7:44 of 1st period - Snap shot by Daymond Langkow.
7:44 of 1st period - Stopped by Pascal Leclaire with a rebound.
7:58 of 1st period - Snap shot by Daniel Cleary.
7:58 of 1st period - Stopped by Ondrej Pavelec without a rebound.
7:59 of 1st period - Marty Reasoner wins face-off versus Andy McDonald in Sénateurs zone.
8:02 of 1st period - Slapshot by Jan Hlavac.
8:02 of 1st period - Shot Blocked by Vitaly Vishnevsky.
8:24 of 1st period - Daniel Sedin is hit by Vitaly Vishnevsky and loses puck.
8:35 of 1st period - Snap shot by Todd Bertuzzi.
8:35 of 1st period - Stopped by Pascal Leclaire without a rebound.
8:36 of 1st period - Gilbert Brule wins face-off versus John Tavares in Stars zone.
8:51 of 1st period - Gilbert Brule is hit by John Tavares and loses puck.
9:08 of 1st period - Slapshot by Todd Bertuzzi.
9:08 of 1st period - Deflect By Henrik Sedin.
9:08 of 1st period - Stopped by Pascal Leclaire with a rebound.
9:10 of 1st period - Slapshot by Dan Girardi.
9:10 of 1st period - Deflect By Daymond Langkow.
9:10 of 1st period - Shot Misses the Net.
9:10 of 1st period - Puck is out of play.
9:11 of 1st period - Éric Belanger wins face-off versus Daymond Langkow in Stars zone.
10:00 of 1st period - Snap shot by Darcy Hordichuk.
10:00 of 1st period - Shot Misses the Net.
10:02 of 1st period - Slapshot by Vitaly Vishnevsky.
10:02 of 1st period - Shot Blocked by Bryan Berard.
10:04 of 1st period - Slapshot by Vitaly Vishnevsky.
10:04 of 1st period - Stopped by Pascal Leclaire with a rebound.
10:20 of 1st period - Dan Hamhuis is hit by Marty Reasoner and loses puck.
10:27 of 1st period - Daniel Cleary is hit by Vernon Fiddler.
10:42 of 1st period - Off-side.
10:43 of 1st period - Henrik Sedin wins face-off versus Daymond Langkow in neutral zone.
10:54 of 1st period - Snap shot by Alexei Morozov.
10:54 of 1st period - Shot Misses the Net.
11:34 of 1st period - Snap shot by Mark Streit.
11:34 of 1st period - Stopped by Ondrej Pavelec with a rebound.
11:57 of 1st period - Off-side.
11:58 of 1st period - Jan Hlavac wins face-off versus Nikita Alexeev in neutral zone.
12:10 of 1st period - Wrist shot by Nikita Alexeev.
12:10 of 1st period - Stopped by Pascal Leclaire with a rebound.
12:12 of 1st period - Slapshot by Kurtis Foster.
12:12 of 1st period - Stopped by Pascal Leclaire with a rebound.
12:14 of 1st period - Wrist shot by Andy Hilbert.
12:14 of 1st period - Stopped by Pascal Leclaire with a rebound.
12:16 of 1st period - Slapshot by Vitaly Vishnevsky.
12:16 of 1st period - Deflect By Nikita Alexeev.
12:16 of 1st period - Shot Misses the Net.
12:16 of 1st period - Puck is out of play.
12:17 of 1st period - Daymond Langkow wins face-off versus Henrik Sedin in Stars zone.
12:20 of 1st period - Slapshot by Daymond Langkow.
12:20 of 1st period - Shot Misses the Net.
12:22 of 1st period - Slapshot by Kurtis Foster.
12:22 of 1st period - Shot Misses the Net.
12:24 of 1st period - Snap shot by Vitaly Vishnevsky.
12:24 of 1st period - Shot Misses the Net.
12:26 of 1st period - Snap shot by Todd Bertuzzi.
12:26 of 1st period - Shot Misses the Net.
12:28 of 1st period - Slapshot by Vitaly Vishnevsky.
12:28 of 1st period - Shot Misses the Net.
12:30 of 1st period - Slapshot by Brenden Morrow.
12:30 of 1st period - Stopped by Pascal Leclaire with a rebound.
12:32 of 1st period - Slapshot by Todd Bertuzzi.
12:32 of 1st period - Stopped by Pascal Leclaire with a rebound.
13:05 of 1st period - Snap shot by Pavel Kubina.
13:05 of 1st period - Stopped by Ondrej Pavelec without a rebound.
13:06 of 1st period - Daymond Langkow wins face-off versus Éric Belanger in Sénateurs zone.
13:19 of 1st period - Snap shot by Daymond Langkow.
13:19 of 1st period - Shot Misses the Net.
13:41 of 1st period - Snap shot by Andy McDonald.
13:41 of 1st period - Stopped by Pascal Leclaire without a rebound.
13:42 of 1st period - Daymond Langkow wins face-off versus Henrik Sedin in Stars zone.
14:16 of 1st period - Wrist shot by John Tavares.
14:16 of 1st period - Shot Misses the Net.
14:26 of 1st period - Minor Penalty to Brendan Bell for Holding Stick.
14:27 of 1st period - Daymond Langkow wins face-off versus Marty Reasoner in Stars zone.
15:41 of 1st period - Todd Bertuzzi is hit by Daniel Sedin and loses puck.
15:58 of 1st period - Wrist shot by Jean-Pierre Dumont.
15:58 of 1st period - Shot Misses the Net.
16:00 of 1st period - Wrist shot by Jean-Pierre Dumont.
16:00 of 1st period - Stopped by Pascal Leclaire with a rebound.
16:02 of 1st period - Wrist shot by Jean-Pierre Dumont.
16:02 of 1st period - Shot Misses the Net.
16:26 of 1st period - Penalty to Brendan Bell is over, Brendan Bell is back on ice.
16:32 of 1st period - Slapshot by Henrik Sedin.
16:32 of 1st period - Shot Misses the Net.
16:34 of 1st period - Slapshot by Matthew Spiller.
16:34 of 1st period - Shot Blocked by Andrew Ebbett.
16:36 of 1st period - Slapshot by Alexei Morozov.
16:36 of 1st period - Deflect By Daniel Sedin.
16:36 of 1st period - Stopped by Ondrej Pavelec with a rebound.
16:38 of 1st period - Snap shot by Henrik Sedin.
16:38 of 1st period - Shot Misses the Net.
16:40 of 1st period - Slapshot by Henrik Sedin.
16:40 of 1st period - Stopped by Ondrej Pavelec with a rebound.
17:53 of 1st period - Henrik Sedin is hit by Vitaly Vishnevsky and loses puck.
18:57 of 1st period - B.J. Crombeen is hit by Brendan Bell and loses puck.
19:16 of 1st period - Icing by Darcy Hordichuk.
19:17 of 1st period - Andrew Ebbett wins face-off versus Henrik Sedin in Sénateurs zone.
19:22 of 1st period - Andrew Ebbett is hit by Daniel Sedin and loses puck.
19:33 of 1st period - Snap shot by Henrik Sedin.
19:33 of 1st period - Shot Misses the Net.
19:40 of 1st period - Icing by Dan Hamhuis.
19:41 of 1st period - Andrew Ebbett wins face-off versus John Tavares in Sénateurs zone.
Goals for this period are 0 for Stars vs 0 for Sénateurs.
Shots for this period are 6 for Stars vs 14 for Sénateurs.
2nd period
0:01 of 2nd period - Henrik Sedin wins face-off versus Gilbert Brule in neutral zone.
0:06 of 2nd period - Wrist shot by Henrik Sedin.
0:06 of 2nd period - Shot Blocked by Vitaly Vishnevsky.
0:26 of 2nd period - Kurtis Foster is hit by Shane Doan and loses puck.
0:45 of 2nd period - Snap shot by Brendan Bell.
0:45 of 2nd period - Stopped by Ondrej Pavelec with a rebound.
0:47 of 2nd period - Slapshot by Mark Streit.
0:47 of 2nd period - Stopped by Ondrej Pavelec with a rebound.
0:49 of 2nd period - Slapshot by Ryan Malone.
0:49 of 2nd period - Goal by Ryan Malone - Stars : 1 - Sénateurs : 0.
0:50 of 2nd period - Gilbert Brule wins face-off versus Henrik Sedin in neutral zone.
1:18 of 2nd period - Icing by Brenden Morrow.
1:19 of 2nd period - John Tavares wins face-off versus Daymond Langkow in Sénateurs zone.
1:34 of 2nd period - Snap shot by Brenden Morrow.
1:34 of 2nd period - Stopped by Pascal Leclaire with a rebound.
1:40 of 2nd period - Wrist shot by Daymond Langkow.
1:40 of 2nd period - Stopped by Pascal Leclaire with a rebound.
3:10 of 2nd period - Slapshot by Dan Hamhuis.
3:10 of 2nd period - Shot Blocked by Bryan Berard.
3:16 of 2nd period - Snap shot by Daniel Cleary.
3:16 of 2nd period - Shot Misses the Net.
5:01 of 2nd period - Off-side.
5:02 of 2nd period - Éric Belanger wins face-off versus B.J. Crombeen in neutral zone.
5:05 of 2nd period - Wrist shot by Éric Belanger.
5:05 of 2nd period - Shot Misses the Net.
5:07 of 2nd period - Wrist shot by Evgeny Artyukhin.
5:07 of 2nd period - Shot Misses the Net.
5:09 of 2nd period - Snap shot by Ryan Malone.
5:09 of 2nd period - Shot Blocked by Sami Salo.
5:11 of 2nd period - Snap shot by Evgeny Artyukhin.
5:11 of 2nd period - Stopped by Ondrej Pavelec with a rebound.
5:13 of 2nd period - Snap shot by Éric Belanger.
5:13 of 2nd period - Stopped by Ondrej Pavelec with a rebound.
5:15 of 2nd period - Wrist shot by Ryan Malone.
5:15 of 2nd period - Stopped by Ondrej Pavelec without a rebound.
5:16 of 2nd period - Gilbert Brule wins face-off versus Henrik Sedin in Sénateurs zone.
6:06 of 2nd period - Snap shot by Jan Hlavac.
6:06 of 2nd period - Shot Misses the Net.
6:08 of 2nd period - Snap shot by Daniel Cleary.
6:08 of 2nd period - Shot Misses the Net.
6:46 of 2nd period - Henrik Sedin is hit by B.J. Crombeen and loses puck.
7:13 of 2nd period - Daniel Sedin is hit by Darcy Hordichuk and loses puck.
7:20 of 2nd period - Henrik Sedin is hit by B.J. Crombeen and loses puck.
7:31 of 2nd period - Snap shot by Alexei Morozov.
7:31 of 2nd period - Deflect By Daniel Sedin.
7:31 of 2nd period - Goal by Daniel Sedin - Stars : 2 - Sénateurs : 0.
7:32 of 2nd period - Gilbert Brule wins face-off versus John Tavares in neutral zone.
7:35 of 2nd period - Wrist shot by Gilbert Brule.
7:35 of 2nd period - Shot Misses the Net.
7:37 of 2nd period - Slapshot by Gilbert Brule.
7:37 of 2nd period - Stopped by Pascal Leclaire without a rebound.
7:38 of 2nd period - John Tavares wins face-off versus Gilbert Brule in Stars zone.
7:38 of 2nd period - John Tavares is hit by Gilbert Brule.
7:47 of 2nd period - Off-side.
7:48 of 2nd period - Henrik Sedin wins face-off versus Gilbert Brule in neutral zone.
8:14 of 2nd period - Dan Hamhuis is hit by Pavel Kubina and loses puck.
8:21 of 2nd period - Wrist shot by John Tavares.
8:21 of 2nd period - Shot Misses the Net.
8:23 of 2nd period - Wrist shot by Patrick Sharp.
8:23 of 2nd period - Deflect By John Tavares.
8:23 of 2nd period - Stopped by Ondrej Pavelec with a rebound.
9:28 of 2nd period - Snap shot by Henrik Sedin.
9:28 of 2nd period - Stopped by Ondrej Pavelec with a rebound.
9:38 of 2nd period - Wrist shot by Brenden Morrow.
9:38 of 2nd period - Deflect By Todd Bertuzzi.
9:38 of 2nd period - Shot Misses the Net.
9:38 of 2nd period - Puck is out of play.
9:39 of 2nd period - John Tavares wins face-off versus Daymond Langkow in Stars zone.
9:46 of 2nd period - Slapshot by John Tavares.
9:46 of 2nd period - Stopped by Ondrej Pavelec without a rebound.
9:47 of 2nd period - Henrik Sedin wins face-off versus Gilbert Brule in Sénateurs zone.
9:57 of 2nd period - Icing by Kurtis Foster.
9:58 of 2nd period - Gilbert Brule wins face-off versus Henrik Sedin in Sénateurs zone.
9:58 of 2nd period - Gilbert Brule is hit by Henrik Sedin.
10:14 of 2nd period - Slapshot by Pavel Kubina.
10:14 of 2nd period - Stopped by Ondrej Pavelec without a rebound.
10:15 of 2nd period - Daymond Langkow wins face-off versus John Tavares in Sénateurs zone.
10:40 of 2nd period - Kurtis Foster is hit by Matthew Spiller.
11:04 of 2nd period - Snap shot by Jan Hlavac.
11:04 of 2nd period - Stopped by Ondrej Pavelec with a rebound.
11:34 of 2nd period - Wrist shot by Gilbert Brule.
11:34 of 2nd period - Shot Misses the Net.
11:38 of 2nd period - Slapshot by Andy McDonald.
11:38 of 2nd period - Stopped by Pascal Leclaire without a rebound.
11:39 of 2nd period - Daymond Langkow wins face-off versus Henrik Sedin in Stars zone.
11:42 of 2nd period - Wrist shot by Daymond Langkow.
11:42 of 2nd period - Shot Misses the Net.
11:52 of 2nd period - Wrist shot by Brenden Morrow.
11:52 of 2nd period - Stopped by Pascal Leclaire with a rebound.
12:04 of 2nd period - Kurtis Foster is hit by Shane Doan and loses puck.
12:19 of 2nd period - Minor Penalty to Shane Doan for Hooking.
12:20 of 2nd period - Daymond Langkow wins face-off versus Marty Reasoner in Stars zone.
12:53 of 2nd period - Slapshot by Andy McDonald.
12:53 of 2nd period - Shot Blocked by Brendan Bell.
12:55 of 2nd period - Wrist shot by Jean-Pierre Dumont.
12:55 of 2nd period - Stopped by Pascal Leclaire without a rebound.
12:56 of 2nd period - Daymond Langkow wins face-off versus Marty Reasoner in Stars zone.
13:06 of 2nd period - Minor Penalty to Daniel Cleary for Hooking.
13:07 of 2nd period - Marty Reasoner wins face-off versus Daymond Langkow in Stars zone.
13:23 of 2nd period - Wrist shot by Brenden Morrow.
13:23 of 2nd period - Shot Misses the Net.
14:19 of 2nd period - Penalty to Shane Doan is over, Shane Doan is back on ice.
15:06 of 2nd period - Penalty to Daniel Cleary is over, Daniel Cleary is back on ice.
15:19 of 2nd period - Snap shot by Shane Doan.
15:19 of 2nd period - Deflect By John Tavares.
15:19 of 2nd period - Shot Misses the Net.
15:19 of 2nd period - Puck is out of play.
15:20 of 2nd period - Henrik Sedin wins face-off versus B.J. Crombeen in Sénateurs zone.
16:42 of 2nd period - Vitaly Vishnevsky is hit by Pavel Kubina and loses puck.
16:49 of 2nd period - Andrew Ebbett is hit by Daniel Cleary and loses puck.
17:06 of 2nd period - Wrist shot by Nikita Alexeev.
17:06 of 2nd period - Stopped by Pascal Leclaire with a rebound.
17:12 of 2nd period - Nikita Alexeev is hit by Patrick Sharp and loses puck.
17:28 of 2nd period - Snap shot by Evgeny Artyukhin.
17:28 of 2nd period - Shot Blocked by Brenden Morrow.
17:31 of 2nd period - Icing by Kurtis Foster.
17:32 of 2nd period - Daymond Langkow wins face-off versus Henrik Sedin in Sénateurs zone.
17:54 of 2nd period - Icing by Vitaly Vishnevsky.
17:55 of 2nd period - Daymond Langkow wins face-off versus John Tavares in Sénateurs zone.
18:04 of 2nd period - Snap shot by Gilbert Brule.
18:04 of 2nd period - Stopped by Pascal Leclaire with a rebound.
18:11 of 2nd period - Off-side.
18:12 of 2nd period - Henrik Sedin wins face-off versus Daymond Langkow in neutral zone.
18:37 of 2nd period - Patrick Sharp is hit by B.J. Crombeen and loses puck.
18:43 of 2nd period - Off-side.
18:44 of 2nd period - John Tavares wins face-off versus Andrew Ebbett in neutral zone.
18:48 of 2nd period - Minor Penalty to B.J. Crombeen for Roughing.
18:49 of 2nd period - John Tavares wins face-off versus Brenden Morrow in Sénateurs zone.
19:54 of 2nd period - Andy Hilbert is hit by Bryan Berard and loses puck.
Goals for this period are 2 for Stars vs 0 for Sénateurs.
Shots for this period are 12 for Stars vs 8 for Sénateurs.
3rd period
0:01 of 3rd period - Henrik Sedin wins face-off versus Daymond Langkow in neutral zone.
0:08 of 3rd period - Slapshot by Vitaly Vishnevsky.
0:08 of 3rd period - Shot Misses the Net.
0:48 of 3rd period - Penalty to B.J. Crombeen is over, B.J. Crombeen is back on ice.
0:50 of 3rd period - Slapshot by Kurtis Foster.
0:50 of 3rd period - Stopped by Pascal Leclaire without a rebound.
0:51 of 3rd period - Éric Belanger wins face-off versus Gilbert Brule in Stars zone.
0:51 of 3rd period - Éric Belanger is hit by Carlo Colaiacovo.
1:35 of 3rd period - Minor Penalty to Dan Hamhuis for Hooking.
1:36 of 3rd period - Brenden Morrow wins face-off versus John Tavares in Sénateurs zone.
1:45 of 3rd period - Snap shot by John Tavares.
1:45 of 3rd period - Shot Misses the Net.
1:47 of 3rd period - Slapshot by Pavel Kubina.
1:47 of 3rd period - Deflect By Brenden Morrow.
1:47 of 3rd period - Goal by Pavel Kubina - Stars : 3 - Sénateurs : 0.
1:48 of 3rd period - Daymond Langkow wins face-off versus Henrik Sedin in neutral zone.
1:53 of 3rd period - Wrist shot by Todd Bertuzzi.
1:53 of 3rd period - Stopped by Pascal Leclaire with a rebound.
2:36 of 3rd period - Snap shot by B.J. Crombeen.
2:36 of 3rd period - Shot Misses the Net.
2:38 of 3rd period - Slapshot by Dan Hamhuis.
2:38 of 3rd period - Shot Blocked by Brendan Bell.
2:40 of 3rd period - Slapshot by Sami Salo.
2:40 of 3rd period - Deflect By Darcy Hordichuk.
2:40 of 3rd period - Shot Misses the Net.
2:40 of 3rd period - Puck is out of play.
2:41 of 3rd period - Henrik Sedin wins face-off versus Daymond Langkow in Stars zone.
2:46 of 3rd period - Snap shot by Mark Streit.
2:46 of 3rd period - Shot Blocked by Dan Girardi.
3:30 of 3rd period - Vitaly Vishnevsky is hit by Jan Hlavac and loses puck.
3:47 of 3rd period - Brendan Bell is hit by Vitaly Vishnevsky and loses puck.
3:52 of 3rd period - Wrist shot by Andy Hilbert.
3:52 of 3rd period - Shot Misses the Net.
3:54 of 3rd period - Snap shot by Vernon Fiddler.
3:54 of 3rd period - Shot Misses the Net.
4:51 of 3rd period - Snap shot by Evgeny Artyukhin.
4:51 of 3rd period - Goal by Evgeny Artyukhin - Stars : 4 - Sénateurs : 0.
4:52 of 3rd period - Daymond Langkow wins face-off versus Henrik Sedin in neutral zone.
5:14 of 3rd period - Minor Penalty to Henrik Sedin for Tripping.
5:15 of 3rd period - Daymond Langkow wins face-off versus Marty Reasoner in Stars zone.
6:11 of 3rd period - Wrist shot by Éric Belanger.
6:11 of 3rd period - Stopped by Ondrej Pavelec with a rebound.
6:17 of 3rd period - Todd Bertuzzi is hit by Éric Belanger.
7:14 of 3rd period - Penalty to Henrik Sedin is over, Henrik Sedin is back on ice.
7:21 of 3rd period - Snap shot by Éric Belanger.
7:21 of 3rd period - Shot Blocked by Nikita Alexeev.
7:23 of 3rd period - Wrist shot by Ryan Malone.
7:23 of 3rd period - Shot Misses the Net.
8:27 of 3rd period - Icing by Pavel Kubina.
8:28 of 3rd period - Marty Reasoner wins face-off versus Daymond Langkow in Stars zone.
8:45 of 3rd period - Patrick Sharp is hit by Todd Bertuzzi and loses puck.
9:07 of 3rd period - Icing by Dan Hamhuis.
9:08 of 3rd period - Gilbert Brule wins face-off versus Éric Belanger in Sénateurs zone.
9:08 of 3rd period - Gilbert Brule is hit by Éric Belanger.
9:23 of 3rd period - Minor Penalty to Evgeny Artyukhin for Roughing.
9:24 of 3rd period - Daymond Langkow wins face-off versus Marty Reasoner in Stars zone.
9:24 of 3rd period - Snap shot by Brenden Morrow.
9:24 of 3rd period - Goal by Brenden Morrow - Stars : 4 - Sénateurs : 1.
9:25 of 3rd period - Daymond Langkow wins face-off versus Henrik Sedin in neutral zone.
9:50 of 3rd period - John Tavares is hit by Gilbert Brule and loses puck.
10:17 of 3rd period - Wrist shot by Éric Belanger.
10:17 of 3rd period - Stopped by Ondrej Pavelec with a rebound.
10:19 of 3rd period - Snap shot by Éric Belanger.
10:19 of 3rd period - Deflect By Evgeny Artyukhin.
10:19 of 3rd period - Stopped by Ondrej Pavelec without a rebound.
10:20 of 3rd period - Daymond Langkow wins face-off versus Alexei Morozov in Sénateurs zone.
10:50 of 3rd period - Off-side.
10:51 of 3rd period - Jean-Pierre Dumont wins face-off versus John Tavares in neutral zone.
10:54 of 3rd period - Wrist shot by Gilbert Brule.
10:54 of 3rd period - Stopped by Pascal Leclaire without a rebound.
10:55 of 3rd period - Henrik Sedin wins face-off versus Gilbert Brule in Stars zone.
11:10 of 3rd period - Snap shot by Gilbert Brule.
11:10 of 3rd period - Shot Blocked by Pavel Kubina.
11:12 of 3rd period - Slapshot by Gilbert Brule.
11:12 of 3rd period - Shot Misses the Net.
11:14 of 3rd period - Snap shot by Sami Salo.
11:14 of 3rd period - Goal by Sami Salo - Stars : 4 - Sénateurs : 2.
11:15 of 3rd period - Daymond Langkow wins face-off versus Henrik Sedin in neutral zone.
11:31 of 3rd period - Snap shot by Kurtis Foster.
11:31 of 3rd period - Goal by Kurtis Foster - Stars : 4 - Sénateurs : 3.
11:32 of 3rd period - Todd Bertuzzi wins face-off versus Henrik Sedin in neutral zone.
11:35 of 3rd period - Daniel Sedin is hit by Brenden Morrow and loses puck.
11:58 of 3rd period - Shane Doan is hit by Andy McDonald and loses puck.
12:19 of 3rd period - Filip Novak is hit by Carlo Colaiacovo and loses puck.
12:33 of 3rd period - Bryan Berard is hit by Andrew Ebbett and loses puck.
13:17 of 3rd period - Wrist shot by Andrew Ebbett.
13:17 of 3rd period - Stopped by Pascal Leclaire with a rebound.
13:19 of 3rd period - Backhand shot by Andrew Ebbett.
13:19 of 3rd period - Stopped by Pascal Leclaire without a rebound.
13:20 of 3rd period - Henrik Sedin wins face-off versus Daymond Langkow in Stars zone.
13:34 of 3rd period - Alexei Morozov is hit by Vitaly Vishnevsky and loses puck.
14:33 of 3rd period - Snap shot by Todd Bertuzzi.
14:33 of 3rd period - Stopped by Pascal Leclaire without a rebound.
14:34 of 3rd period - Daymond Langkow wins face-off versus John Tavares in Stars zone.
15:00 of 3rd period - Dan Hamhuis is hit by Daniel Sedin and loses puck.
15:38 of 3rd period - Off-side.
15:39 of 3rd period - Marty Reasoner wins face-off versus Daymond Langkow in neutral zone.
16:06 of 3rd period - Vitaly Vishnevsky is hit by Éric Belanger and loses puck.
16:30 of 3rd period - Off-side.
16:31 of 3rd period - Alexei Morozov wins face-off versus Daymond Langkow in neutral zone.
17:03 of 3rd period - Icing by Carlo Colaiacovo.
17:04 of 3rd period - Éric Belanger wins face-off versus Andrew Ebbett in Sénateurs zone.
17:06 of 3rd period - Minor Penalty to Éric Belanger for High sticking.
17:07 of 3rd period - Jan Hlavac wins face-off versus Daymond Langkow in Stars zone.
19:06 of 3rd period - Penalty to Éric Belanger is over, Éric Belanger is back on ice.
19:20 of 3rd period - Éric Belanger is hit by B.J. Crombeen and loses puck.
19:23 of 3rd period - Sénateurs, Ondrej Pavelec is pulled from the net.
Goals for this period are 2 for Stars vs 3 for Sénateurs.
Shots for this period are 5 for Stars vs 9 for Sénateurs.
Output by the SimonT Hockey Simulator (STHS) for François Prévost -- Original Page W3C XHTML 1.0 Valid